 Dungeon Crawl Stone Soup version 0.31-a0-233-g139696dc86 (webtiles) character file.

Game seed: 15331720080192508272

144 Decritt the Firebug (level 5, -6/40 HPs)
             Began as a Draconian Fire Elementalist on July 8, 2023.
             Mangled by an orc
             ... wielding a +0 quarterstaff
              (9 damage)
             ... on level 6 of the Dungeon.
             The game lasted 00:04:30 (2032 turns).

Decritt the Firebug (Draconian Fire Elementalist)   Turns: 2032, Time: 00:04:31

Health: -6/40      AC:  5    Str: 11    XL:     5   Next: 5%
Magic:  1/9        EV: 12    Int: 17    God:
Gold:   98         SH:  0    Dex: 11    Spells: 9/10 levels left

rFire   . . .        s - +2 whip (elec)
rCold   . . .        (no shield)
rNeg    . . .        (body armour unavailable)
rPois   .            (helmet restricted)
rElec   .            (no cloak)
rCorr   .            (no gloves)
SInv    .            (no boots)
Will    .....        (no amulet)
Stlth   ++           (no ring)
HPRegen 0.26/turn    (no ring)
MPRegen 0.11/turn

%: no passive effects
@: no status effects
A: AC +5, unfitting armour, cold-blooded
a: no special abilities


You were on level 6 of the Dungeon.
You visited 1 branch of the dungeon, and saw 5 of its levels.

You collected 98 gold pieces.

Inventory:

Hand Weapons
 b - a +0 short sword
 e - a +0 sling
 s - a +2 whip of electrocution (weapon)
Wands
 r - a wand of roots (10)
Scrolls
 f - 3 scrolls of brand weapon {unknown}
 g - a scroll of teleportation {unknown}
 i - a scroll of identify {unknown}
 o - a scroll of amnesia {unknown}
 p - a scroll of blinking {unknown}
 q - a scroll of poison {unknown}
Potions
 a - a potion of magic
 c - a potion of degeneration {unknown}
 d - 3 potions of curing {unknown}
 h - 2 potions of brilliance {unknown}
 j - a potion of haste {unknown}
 k - a potion of mutation {unknown}
 l - a potion of cancellation {unknown}
 m - a potion of heal wounds {unknown}
 n - a potion of attraction {unknown}


   Skills:
 + Level 1.6 Fighting
 + Level 2.4 Dodging
 - Level 1.7 Stealth
 * Level 3.2 Spellcasting
 - Level 1.0 Conjurations
 * Level 4.1 Fire Magic


You had 9 spell levels left.
You knew the following spells:

 Your Spells              Type           Power      Damage    Failure   Level
a - Foxfire               Conj/Fire      44%        2x1d6     6%          1

Your spell library contained the following spells:

 Spells                   Type           Power      Damage    Failure   Level
 Scorch                   Fire           34%        2d6       4%          2
 Inner Flame              Hex/Fire       9%         N/A       22%         3
 Volatile Blastmotes      Fire/Tloc      18%        2d11      22%         3
 Flame Wave               Conj/Fire      11%        2d6       52%         4


Dungeon Overview and Level Annotations

Branches:
Dungeon (6/15)
 Temple: D:4-7

Altars:


Innate Abilities, Weirdness & Mutations

Your plain brown scales are hard. (AC +5)
You cannot fit into any form of body armour.
You are cold-blooded and may be slowed by cold attacks.


Message History

Your magical contamination has completely faded away.
You feel sick.
The foxfire hits the adder.
The adder is heavily wounded.
The foxfire hits the adder.
The adder is almost dead.
The adder closely misses you.
Casting: Foxfire (safe; 6% risk of failure)
Confirm with . or Enter, or press ? or * to list all spells.
You conjure some foxfire!
You feel sick. The adder closely misses you. The adder completely misses you.
The foxfire hits the orc but does no damage.
You feel sick.
The foxfire hits the adder.
You kill the adder!
You have reached level 5!
Casting: Foxfire (safe; 6% risk of failure)
Confirm with . or Enter, or press ? or * to list all spells.
You conjure some foxfire!
You feel sick. The orc hits you with a +0 heavy flail!
* * * LOW HITPOINT WARNING * * *
You feel sick.
The foxfire hits the orc.
The orc is severely wounded.
The foxfire hits the orc but does no damage.
The orc is severely wounded.
You hit the orc.
You kill the orc!
You feel sick.
You are no longer poisoned.
You hit the orc but do no damage.
The orc hits you with a +0 quarterstaff!
* * * LOW HITPOINT WARNING * * *
Okay, then.
Casting: Foxfire (safe; 6% risk of failure)
Confirm with . or Enter, or press ? or * to list all spells.
You don't have enough magic to cast this spell.
You closely miss the orc.
You tail-slap the orc, but do no damage.
An orc comes into view. It is wielding a +0 hand axe.
An orc wizard comes into view. It is wielding a +0 dagger.
The orc hits you with a +0 quarterstaff!
You die...

##..#.#
....#.# ...#.#
#..#.# #
#.#..#.# # .
#.#.#.†#.#.#
#.#.#.#..#.#.#
#.....#......#
#.#......#@).#
.#........o..#
.............#
.......<#.#..#
..#.......#..#
......#o###..#
.##.#.#.. ..#
#.#.#.. )#o .
....


You could see an orc wizard (wandering) and 2 orcs.

Vanquished Creatures
  A hound (D:6)
  5 adders
  A worm (D:2)
  2 dart slugs (D:1)
  3 orcs
  4 ball pythons
  4 endoplasms
  A giant cockroach (D:2)
  10 goblins
  5 hobgoblins
  3 quokkas
  7 bats
  3 kobolds
  9 rats
58 creatures vanquished.

Vanquished Creatures (collateral kills)
  4 foxfires (D:1)
4 creatures vanquished.

Vanquished Creatures (others)
  112 foxfires
112 creatures vanquished.

Grand Total: 174 creatures vanquished

Notes
Turn   | Place    | Note
-------+----------+-------------------------------------------
     0 | D:1      | Decritt the Draconian Fire Elementalist began the quest for
                  | the Orb.
     0 | D:1      | Reached XP level 1. HP: 14/14 MP: 3/3
   281 | D:1      | Reached XP level 2. HP: 22/22 MP: 5/5
   689 | D:1      | Reached XP level 3. HP: 27/27 MP: 6/6
  1002 | D:2      | Reached skill level 1 in Fighting
  1532 | D:2      | Reached XP level 4. HP: 23/35 MP: 2/8
  1887 | D:3      | You fall into a shaft and drop 2 floors!
  1887 | D:5      | Entered Level 5 of the Dungeon
  2010 | D:6      | Reached skill level 4 in Fire Magic
  2028 | D:6      | Reached XP level 5. HP: 20/40 MP: 1/9
  2032 | D:6      | Mangled by an orc

Illustrated notes

Levels and vault maps discovered:
D:1:      scummos_arrival_hexagon, layout_rooms, serial_forest,
          infiniplex_forest_diagonal, infiniplex_forest_end_3,
          infiniplex_forest_clump_curved, infiniplex_forest_pool,
          infiniplex_forest_end_3, infiniplex_forest_clump_small,
          minmay_close_crescents
D:2:      layout_rooms, dk_vineyard_1
D:3:      layout_basic, dreamdust_ecumenical_altar_hidden_monk_grotto,
          serial_co_window_serial, co_window_corner_a, co_window_paths_a,
          co_window_corner_a, co_window_cross_1, co_window_paths_a,
          co_window_of_opportunity_a, co_window_cross_1, co_window_paths_c,
          co_window_paths_c, co_window_broadway_a, co_window_paths_c,
          co_window_corner_b, co_window_2corner, co_window_paths_c,
          co_window_4corner_a, glass_columns_a, lightli_corner_chamber
D:5:      layout_basic, uniq_blork_the_orc
D:6:      hangedman_cross_stitches, layout_basic, grunt_decor_fettered,
          uniq_edmund, uniq_maggie

Skill      XL: |  1  2  3  4 |
---------------+-------------+-----
Dodging        | 2 |  2.4
Fighting       | 1 |  1.6
Spellcasting   | 3 |  3.2
Fire Magic     | 4 |  4.1
Stealth        | |  1.7
Conjurations   | |  1.0

Action                     |  1- 3 |  4- 6 || total
---------------------------+-------+-------++-------
  Melee: Short sword       |    12 |       ||    12
         Whip              |       |     4 ||     4
         Tailslap          |       |     1 ||     1
   Fire: Sling             |    78 |     1 ||    79
   Cast: Foxfire           |    51 |    16 ||    67
 Armour: Skin              |    30 |     2 ||    32
  Dodge: Dodged            |    53 |     7 ||    60

Table legend: (Time is in decaauts)
 A = Elapsed time spent in this place.
 B = Non-inter-level travel time spent in this place.
 C = Inter-level travel time spent in this place.
 D = Time resting spent in this place.
 E = Time spent auto-exploring this place.
 F = Levels seen in this place.
 G = Mean time per level.
                   A        B        C        D        E       F      G
               +--------+--------+--------+--------+--------+-----+--------+
         Total |   2062 |   2003 |     59 |      0 |   1612 |   5 |  412.4 |
       Dungeon |   2062 |   2003 |     59 |      0 |   1612 |   5 |  412.4 |
               +--------+--------+--------+--------+--------+-----+--------+

Top non-repeatable levels by time:
     D:1: 1011 daAuts
     D:2: 749 daAuts
     D:3: 156 daAuts
     D:5: 111 daAuts
     D:6: 32 daAuts
